 Dungeon Crawl Stone Soup version 0.31-a0-848-gaac375c287 (webtiles) character file.

Game seed: 1406627823003879675

10568 GigaChad the Cleaver (level 11, -2/86 HPs) *EXPLORE*
             Began as a Formicid Fighter on Oct 4, 2023.
             Was an Initiate of Gozag.
             Slain by a two-headed ogre
             ... wielding a +0 giant club
              (20 damage)
             ... on level 10 of the Dungeon.
             The game lasted 00:13:53 (10587 turns).

GigaChad the Cleaver (Formicid Fighter)            Turns: 10587, Time: 00:13:54

Health: -2/86      AC: 15    Str: 25    XL:     11   Next: 95%
Magic:  19/19      EV:  6    Int:  8    God:    Gozag
Gold:   1272       SH: 10    Dex: 13    Spells: 20/20 levels left

rFire   . . .        A - +1 battleaxe (drain)
rCold   + + .        r - +0 kite shield
rNeg    . . .        D - +0 plate armour
rPois   .            (helmet unavailable)
rElec   .            P - +0 cloak of Elitism {rC++}
rCorr   .            (no gloves)
SInv    +            (no boots)
Will    +....        (no amulet) Stlth
                     (no ring)
HPRegen 0.34/turn    (no ring)
MPRegen 0.16/turn

%: no passive effects
@: gold aura, studying Summonings
A: permanent stasis, dig shafts and tunnels, antennae 3, four strong arms
a: Dig, Shaft Self, Renounce Religion, Potion Petition, Call Merchant, Bribe
Branch


You were on level 10 of the Dungeon.
You worshipped Gozag.
Gozag was most pleased with you.
You visited 2 branches of the dungeon, and saw 11 of its levels.

You collected 2101 gold pieces.
You spent 767 gold pieces at shops.
You paid 62 gold pieces to Gozag.

Inventory:

Hand Weapons
 a - a +0 war axe of flaming
 A - a +1 battleaxe of draining (weapon)
 L - a +3 battleaxe
 N - a +3 battleaxe of freezing
Missiles
 i - 5 throwing nets
Armour
 c - a +0 buckler
 r - a +0 kite shield (worn)
 D - a +0 plate armour (worn)
 P - the +0 cloak of Elitism (worn) {rC++}
   (You bought it in a shop on level 9 of the Dungeon)

   rC++:      It greatly protects you from cold.
Jewellery
 h - a ring of ice
 p - a ring of protection from cold
 t - a ring of wizardry
 v - a ring of protection from fire
 y - a ring of positive energy
Talismans
 E - a blade talisman
Wands
 k - a wand of quicksilver (11)
 m - a wand of flame (33)
 x - a wand of paralysis (23)
 H - a wand of polymorph (11)
 J - a wand of digging (11)
Scrolls
 e - a scroll of fear
 j - 4 scrolls of fog
 w - 2 scrolls of vulnerability
 B - a scroll of revelation
 C - 2 scrolls of immolation
 M - a scroll of identify
Potions
 d - 2 potions of might
 f - 2 potions of heal wounds
 g - 4 potions of enlightenment {unknown}
 l - 2 potions of lignification {unknown}
 n - 4 potions of brilliance {unknown}
 o - a potion of magic {unknown}
 q - a potion of degeneration {unknown}
 s - a potion of ambrosia {unknown}
 u - 2 potions of attraction {unknown}
 z - a potion of experience {unknown}
 G - a potion of mutation {unknown}
 I - a potion of berserk rage {unknown}
 K - 2 potions of haste {unknown}
 O - a potion of curing {unknown}
Miscellaneous
 b - a phial of floods
 F - a lightning rod (4/4)


   Skills:
 * Level 7.9 Fighting
 * Level 11.0 Axes
 * Level 8.9 Armour
 * Level 7.2 Stealth
 * Level 8.5 Shields
 * Level 5.4 Spellcasting
 * Level 4.0 Shapeshifting


You had 20 spell levels left.
You didn't know any spells.
Your spell library contained the following spells:

 Spells                   Type           Power      Damage    Failure   Level
 Apportation              Tloc           4%         N/A       99%         1
 Jinxbite                 Hex            4%         N/A       100%        2
 Sublimation of Blood     Necr           2%         N/A       100%        2
 Dazzling Flash           Conj/Hex       4%         N/A       100%        3
 Volatile Blastmotes      Fire/Tloc      4%         2d10      100%        3
 Anguish                  Hex/Necr       1%         N/A       100%        4
 Cause Fear               Hex            1%         N/A       100%        4
 Petrify                  Tmut/Erth      2%         N/A       100%        4
 Alistair's Intoxication  Tmut/Pois      1%         N/A       100%        5
 Irradiate                Conj/Tmut      1%         3d12      100%        5
 Starburst                Conj/Fire      1%         6d3       100%        6
 Enfeeble                 Hex            1%         N/A       100%        7
 Maxwell's Capacitive Co  Air            1%         ∞         100%        8


Dungeon Overview and Level Annotations

Branches:
Dungeon (10/15)            Temple (1/1) D:4            Lair (0/5) D:8
    Orc (0/2) D:9

Altars:
Ashenzari
Cheibriados
Dithmenos
Elyvilon
Fedhas
Gozag
Hepliaklqana
Kikubaaqudgha
Makhleb
Okawaru
Qazlal
Ru
Trog
Uskayaw
Vehumet
Wu Jian
Xom
Yredelemnul
Zin
The Shining One

Shops:
D:6 :*   D:9 [!(:


Innate Abilities, Weirdness & Mutations

You cannot be hasted, slowed, berserked, paralysed or teleported.
You can dig through walls and to a lower floor.
You have a pair of large antennae on your head. (SInv)
Your four strong arms can wield two-handed weapons with a shield.


Message History

The komodo dragon is lightly wounded.
The komodo dragon bites you.
You slice the komodo dragon!!
The komodo dragon is severely wounded.
The komodo dragon bites you but does no damage.
You slash the komodo dragon! You drain the komodo dragon.
You kill the komodo dragon!
Your Axes skill increases to level 11!
You slice the two-headed ogre!!
The two-headed ogre is moderately wounded.
The two-headed ogre is distracted by your dazzling golden aura.
You barely miss the two-headed ogre.
The two-headed ogre is no longer distracted by gold.
The two-headed ogre shouts in stereo!
The two-headed ogre is moderately wounded.
The two-headed ogre hits you with a +0 giant club!! x2
You are too injured to fight recklessly!
You are too injured to fight recklessly!
You are too injured to fight recklessly!
You are too injured to fight recklessly!
You are too injured to fight recklessly!
You are too injured to fight recklessly!
You are too injured to fight recklessly!
You are too injured to fight recklessly!
You are too injured to fight recklessly!
You are too injured to fight recklessly!
You are too injured to fight recklessly!
You are too injured to fight recklessly!
You are too injured to fight recklessly!
Unknown command.
The two-headed ogre attacks as it pursues you!
You block the two-headed ogre's attack.
The two-headed ogre hits you with a +0 giant club!
You hit the two-headed ogre. You drain the two-headed ogre.
The two-headed ogre is moderately wounded.
The two-headed ogre hits you with a +0 giant club!
* * * LOW HITPOINT WARNING * * *
The two-headed ogre hits you with a +0 giant club!!
You die...
Your body crumbles into a pile of gold.

#...... # #..... #
#..... # #....
,.$.. ..# #$#
###O# #..@#
########## #...#
#........# #..)#
#.######.# ###)#
#.# #.#
#)######'######.#
#.##.........##.##
#..'.........##.#.
####.........##...
+.........##...


You could see a two-headed ogre (drained).

Vanquished Creatures
  Erica (D:9)
  A two-headed ogre (D:8)
  A slime creature (D:8)
  A gargoyle (D:7)
  A yaktaur (D:8)
  2 komodo dragons
  A troll (D:9)
  A vampire (D:8)
  A shadow (D:7)
  5 yaks
  2 wyverns
  3 steam dragons (D:8)
  An acid dragon (D:9)
  4 orc warriors
  An ice beast (D:7)
  3 ogres
  3 centaurs
  6 phantoms
  2 kobold brigands
  6 bullfrogs
  5 gnoll sergeants
  2 scorpions
  21 wights
  24 killer bees
  2 howler monkeys
  3 gnoll boudas
  A human zombie (D:4)
  7 orc priests
  5 hounds
  Natasha (D:3)
  3 iguanas (D:5)
  14 orc wizards
  4 scorpion zombies (D:4)
  4 mummies (D:4)
  Robin (D:3)
  8 adders
  25 gnolls
  A shadow imp (D:6)
  A white imp (D:8)
  2 ufetubi
  An adder zombie (D:4)
  2 worms (D:2)
  4 dart slugs
  50 orcs
  9 ball pythons
  2 endoplasms
  5 giant cockroaches
  15 goblins
  8 hobgoblins
  3 jackals (D:1)
  5 bats
  4 frilled lizards
  14 kobolds
  3 rats (D:1)
305 creatures vanquished.

Vanquished Creatures (others)
  2 wights
2 creatures vanquished.

Grand Total: 307 creatures vanquished

Notes
Turn   | Place    | Note
-------+----------+-------------------------------------------
     0 | D:1      | GigaChad the Formicid Fighter began the quest for the Orb.
     0 | D:1      | Reached XP level 1. HP: 18/18 MP: 1/1
     0 | D:1      | Entered explore mode.
    89 | D:1      | Reached XP level 2. HP: 19/24 MP: 2/2
   408 | D:1      | Reached skill level 1 in Stealth
   408 | D:1      | Reached XP level 3. HP: 23/29 MP: 3/3
   903 | D:2      | Found a faded altar of an unknown god.
  1067 | D:2      | Reached XP level 4. HP: 35/35 MP: 4/4
  1330 | D:2      | Found a basalt altar of Yredelemnul.
  1731 | D:3      | Reached skill level 3 in Axes
  1731 | D:3      | Reached skill level 1 in Spellcasting
  1742 | D:3      | Reached XP level 5. HP: 19/42 MP: 6/6
  1989 | D:3      | Noticed Natasha
  1995 | D:3      | Killed Natasha
  2388 | D:3      | Noticed Robin
  2406 | D:3      | Killed Robin
  2407 | D:3      | Reached XP level 6. HP: 21/48 MP: 7/7
  2656 | D:4      | Reached skill level 4 in Axes
  2665 | D:4      | Noticed an ogre
  2671 | D:4      | HP: 2/48 [ogre/+0 giant club (17)]
  2673 | D:4      | Mangled by an ogre
                  | ... wielding a +0 giant club
                  | (14 damage)
  2674 | D:4      | Killed an ogre
  2675 | D:4      | Reached XP level 7. HP: 54/54 MP: 9/9
  2713 | D:4      | Reached skill level 5 in Shields
  2751 | D:4      | Reached skill level 5 in Axes
  2790 | D:4      | Found a staircase to the Ecumenical Temple.
  2843 | Temple   | Entered the Ecumenical Temple
  2851 | Temple   | Became a worshipper of Gozag Ym Sagoz the Greedy
  3409 | D:4      | Slain by a wight
                  | ... wielding a +4 halberd
                  | (6 damage)
  3414 | D:4      | Mangled by a wight
                  | ... wielding a +4 halberd
                  | (15 damage)
  3416 | D:4      | Reached XP level 8. HP: 45/49 MP: 11/11
  3434 | D:4      | Found an ancient bone altar of Kikubaaqudgha.
  3655 | D:5      | Entered Level 5 of the Dungeon
  3664 | D:5      | Reached skill level 6 in Axes
  3664 | D:5      | Reached skill level 5 in Armour
  3980 | D:5      | Reached skill level 5 in Fighting
  4189 | D:5      | Found a hide-covered altar of Uskayaw.
  4429 | D:5      | Found a bloodstained altar of Trog.
  4821 | D:6      | HP: 3/62 [gnoll/+0 spear[a gnoll bouda] (2)]
  4822 | D:6      | Reached XP level 9. HP: 4/68 MP: 13/13
  4822 | D:6      | Slain by a gnoll
                  | ... wielding a +0 spear
                  | ... led by a gnoll bouda
                  | (4 damage)
  4832 | D:6      | HP: 1/68 [gnoll bouda/+0 whip (5)]
  4832 | D:6      | Mangled by a gnoll
                  | ... wielding a +0 spear
                  | ... led by a gnoll bouda
                  | (8 damage)
  4835 | D:6      | Reached skill level 7 in Axes
  4839 | D:6      | HP: 2/68 [gnoll/+0 spear[a gnoll bouda] (5)]
  4843 | D:6      | Slain by a scorpion (1 damage)
  4857 | D:6      | HP: 3/68 [gnoll/+0 whip[a gnoll bouda] (6)]
  4865 | D:6      | HP: 3/68 [gnoll/+0 spear[a gnoll bouda] (1)]
  4867 | D:6      | Slain by a gnoll
                  | ... wielding a +0 spear
                  | ... led by a gnoll bouda
                  | (5 damage)
  4990 | D:6      | Found Vexzynefewn's Book Boutique.
  5322 | D:6      | Found Geteen's Elemental Accessories.
  5329 | D:6      | Bought a lightning rod (4/4) for 520 gold pieces
  5594 | D:6      | Found a burning altar of Makhleb.
  5883 | D:7      | HP: 3/68 [ice beast (10)]
  5883 | D:7      | HP: 1/68 [ice beast (2)]
  5883 | D:7      | Mangled by an ice beast (9 damage)
  5886 | D:7      | Reached skill level 1 in Shapeshifting
  6013 | D:7      | Noticed a gargoyle
  6029 | D:7      | Killed a gargoyle
  6034 | D:7      | HP: 3/69 [centaur (2)]
  6037 | D:7      | Reached skill level 8 in Axes
  6040 | D:7      | HP: 2/69 [centaur (1)]
  6043 | D:7      | Slain by a centaur (1 damage)
  6047 | D:7      | Reached skill level 5 in Stealth
  6299 | D:7      | Reached XP level 10. HP: 73/76 MP: 15/15
  6575 | D:7      | Found a white marble altar of Elyvilon.
  6881 | D:8      | HP: 1/77 [poisoned by a killer bee]
  6881 | D:8      | Slain by a killer bee (1 damage)
  6887 | D:8      | HP: 1/77 [killer bee (3)]
  6887 | D:8      | Slain by a killer bee (2 damage)
  7018 | D:8      | Found a staircase to the Lair.
  7019 | D:8      | Noticed a komodo dragon
  7037 | D:8      | Mangled by a komodo dragon (28 damage)
  7040 | D:8      | Killed a komodo dragon
  7184 | D:8      | Reached skill level 9 in Axes
  7473 | D:8      | Noticed a yaktaur
  7480 | D:8      | Killed a yaktaur
  8010 | D:8      | HP: 1/79 [gnoll/+0 halberd[a gnoll bouda] (8)]
  8010 | D:8      | Slain by a gnoll
                  | ... wielding a +0 spear
                  | ... led by a gnoll bouda
                  | (2 damage)
  8012 | D:8      | Reached XP level 11. HP: 79/84 MP: 17/17
  8032 | D:8      | HP: 1/81 [wight/+3 battleaxe (10)]
  8032 | D:8      | Slain by a wight
                  | ... wielding a +3 battleaxe
                  | (4 damage)
  8054 | D:8      | Slain by a wight
                  | ... wielding a +0 halberd
                  | (8 damage)
  8057 | D:8      | Reached skill level 10 in Axes
  8088 | D:8      | Noticed a two-headed ogre
  8106 | D:8      | Slain by a two-headed ogre
                  | ... wielding a +0 giant club
                  | (11 damage)
  8107 | D:8      | Killed a two-headed ogre
  8242 | D:8      | Reached skill level 5 in Spellcasting
  8793 | D:9      | HP: 2/84 [poisoned by a gnoll]
  8793 | D:9      | Slain by a troll (7 damage)
  9331 | D:9      | Found a staircase to the Orcish Mines.
  9601 | D:9      | HP: 3/84 [poisoned by a killer bee]
  9601 | D:9      | Slain by a killer bee (6 damage)
  9611 | D:9      | HP: 1/84 [wight/+1 halberd (4)]
  9612 | D:9      | Succumbed to a killer bee's poison
  9670 | D:9      | Found Heuta's Antique Weapon Emporium.
  9692 | D:9      | Found Medghade's Book Shoppe.
  9893 | D:9      | Noticed Erica
  9902 | D:9      | Killed Erica
 10161 | D:9      | Found Nojaeh's Distillery.
 10246 | D:9      | Found Xedejisa's Antique Armour Emporium.
 10254 | D:9      | Bought an encrusted cloak for 247 gold pieces
 10254 | D:9      | Identified the +0 cloak of Elitism {rC++} (You bought it in
                  | a shop on level 9 of the Dungeon)
 10320 | D:10     | Entered Level 10 of the Dungeon
 10580 | D:10     | Noticed a two-headed ogre
 10584 | D:10     | Reached skill level 11 in Axes
 10587 | D:10     | Slain by a two-headed ogre

Illustrated notes

Levels and vault maps discovered:
D:1:      dpeg_arrival_signposts, layout_basic, hangedman_abyss_or_decor_stabs,
          serial_park_tiny_pond, supply_closet_lemuel, serial_bayou_pond_e
D:2:      layout_basic, basic_altar, shapermc_ecumenical_altar_venn
D:3:      layout_loops_ring, grunt_ministairs_4, uniq_robin, uniq_natasha
D:4:      layout_loops_ring, lemuel_mausoleum_altar_kikubaaqudgha,
          minmay_temple_entry_large_hall
D:5:      layout_loops_ring, general_overflow_altar, bloody_trog,
          chequers_serial_rivers_micro_e, minmay_chambers_of_fives
D:6:      layout_basic, lightli_temple_of_fire, serial_shops,
          nicolae_inconvenience_store, nicolae_elemental_shop
D:7:      layout_loops_ring, elyvilon_altar_1, minmay_manual_monstrance
D:8:      nzn_winding_woodlands_cross [nzn_winding_woodlands_5x15_pool,
          nzn_winding_woodlands_5x15_sidewinder,
          nzn_winding_woodlands_5x15_crooked,
          nzn_winding_woodlands_5x15_split_checker,
          nzn_winding_woodlands_15x15_boxy_spiral], layout_rooms,
          david_lair_shrubbed, chequers_serial_rivers_large_b,
          nrook_loot_triangle, hangedman_decor_push,
          minmay_misc_feat_four_crosses
D:9:      layout_cave_pools, david_orc_3, serial_shops, shop,
          nicolae_shop_temple_entry_statues_fountains,
          nicolae_book_shop_shelving, nicolae_lakefront_shop,
          nicolae_elevator_lobby_asterisk, uniq_erica
D:10:     layout_basic, amcnicky_altar_gilded, nemelex_diamond_rough_becter,
          hangedman_decor_diamond_cutter, uniq_joseph
Temple:   nicolae_temple_no_exploring_needed

Skill      XL: |  1  2  3  4  5  6  7  8  9 10 11 |
---------------+----------------------------------+-----
Stealth        | 1 2 3 4 5 6 7 |  7.2
Axes           | 3 4 5 6 8 9 11 | 11.0
Spellcasting   | 1 2 3 4 5 |  5.4
Armour         | 4 5 6 8 |  8.9
Fighting       | 4 5 6 7 |  7.9
Shields        | 5 6 7 8 |  8.5
Shapeshifting  | 1 3 4 |  4.0

Action                     |  1- 3 |  4- 6 |  7- 9 | 10-12 || total
---------------------------+-------+-------+-------+-------++-------
  Melee: War axe           |    98 |   114 |   351 |   102 ||   665
         Battleaxe         |       |       |       |   227 ||   227
    Use: Scroll            |       |     6 |       |     9 ||    15
   Stab: Distracted        |       |       |     3 |       ||     3
 Armour: Scale mail        |    66 |       |       |       ||    66
         Chain mail        |     5 |   102 |   376 |   118 ||   601
         Plate armour      |       |       |       |   403 ||   403
  Dodge: Dodged            |    52 |    38 |   190 |   161 ||   441
  Block: Buckler           |    26 |    29 |   115 |    43 ||   213
         Kite shield       |       |       |       |   202 ||   202

Table legend: (Time is in decaauts)
 A = Elapsed time spent in this place.
 B = Non-inter-level travel time spent in this place.
 C = Inter-level travel time spent in this place.
 D = Time resting spent in this place.
 E = Time spent auto-exploring this place.
 F = Levels seen in this place.
 G = Mean time per level.
                   A        B        C        D        E       F      G
               +--------+--------+--------+--------+--------+-----+--------+
         Total |  10836 |  10541 |    295 |    665 |   7584 |  11 |  985.1 |
       Dungeon |  10820 |  10536 |    284 |    665 |   7584 |  10 | 1082.0 |
        Temple |     15 |      4 |     11 |      0 |      0 |   1 |   15.0 |
               +--------+--------+--------+--------+--------+-----+--------+

Top non-repeatable levels by time:
     D:8: 1979 daAuts
     D:9: 1558 daAuts
     D:5: 1171 daAuts
     D:7: 1134 daAuts
     D:4: 1108 daAuts
     D:3: 1021 daAuts
     D:6: 949 daAuts
     D:1: 866 daAuts
     D:2: 756 daAuts
    D:10: 274 daAuts
  Temple: 15 daAuts
